 Dungeon Crawl Stone Soup version 0.29.0-5-ge4962eb29e (webtiles) character file.

Game seed: 58620471115617254

58542 LynnLen the Unseen (level 14, -1/73 HPs)
             Began as a Spriggan Enchanter on Aug 30, 2022.
             Was a High Priest of Nemelex Xobeh.
             Shot with an arrow by a centaur (8 damage)
             ... led by a centaur warrior
             ... on level 13 of the Dungeon.
             The game lasted 01:46:13 (43873 turns).

LynnLen the Unseen (Spriggan Enchanter)            Turns: 43873, Time: 01:46:29

Health: -1/73      AC: 12    Str:  4    XL:     14   Next: 49%
Magic:  6/30       EV: 17    Int: 22    God:    Nemelex Xobeh [*****.]
Gold:   1264       SH: 13    Dex: 26    Spells: 20/36 levels left

rFire   . . .      SeeInvis +   r - +4 short sword
rCold   . . .      Faith    .   O - +1 buckler
rNeg    . . .      Spirit   .   I - +3 steam dragon scales
rPois   .          Reflect  +   m - +2 hat
rElec   .          Harm     .   M - +1 cloak "Deqeg" {Fly Dex+5}
rCorr   .          Rampage  .   (gloves unavailable)
Will    ++...                   (boots unavailable)
Stlth   +++++++...              q - amulet of reflection
HPRegen 0.22/turn               f - ring of wizardry
MPRegen 0.22/turn               k - +6 ring of dexterity

@: flying, very quick
A: very small, no large weapons, unfitting armour, see invisible, speed 3
a: Renounce Religion, Draw Escape, Draw Destruction, Draw Summoning, Triple
Draw, Deal Four, Stack Five


You were on level 13 of the Dungeon.
You worshipped Nemelex Xobeh.
Nemelex Xobeh was extremely pleased with you.
You visited 3 branches of the dungeon, and saw 19 of its levels.
You also visited: Ossuary.

You collected 1264 gold pieces.

Inventory:

Hand Weapons
 r - a +4 short sword (weapon)
 Q - a +2 long sword of draining
 S - a +2 quick blade of draining
Missiles
 l - 4 throwing nets
Armour
 m - a +2 hat (worn)
 I - +3 steam dragon scales (worn)
 M - the +1 cloak "Deqeg" (worn) {Fly Dex+5}
   (You acquired it on level 9 of the Dungeon)

   Dex:       It affects your dexterity (+5).
   Fly:       It grants you flight.
 O - a +1 buckler (worn)
Jewellery
 a - a +4 ring of evasion
 e - a ring of poison resistance
 f - a ring of wizardry (left hand)
 g - a ring of protection from cold
 k - a +6 ring of dexterity (right hand)
 q - an amulet of reflection (around neck)
 x - a ring of magical power
 K - a ring of protection from fire
 L - a +4 ring of evasion
 N - an amulet of faith
 P - an amulet of guardian spirit
 X - a ring of resist corrosion
 Y - a ring of positive energy
 Z - an amulet of the acrobat
Scrolls
 n - 3 scrolls of fear
 o - 6 scrolls of teleportation
 p - 4 scrolls of magic mapping
 u - a scroll of butterflies
 v - a scroll of torment
 w - 2 scrolls of poison
 B - a scroll of vulnerability
 T - 4 scrolls of identify
 W - a scroll of summoning
Potions
 b - a potion of heal wounds
 c - 2 potions of invisibility
 d - 3 potions of ambrosia
 s - 3 potions of lignification
 z - 3 potions of berserk rage
 C - 4 potions of mutation
 D - 3 potions of attraction
 E - 2 potions of cancellation
 F - 2 potions of haste
 G - 3 potions of brilliance
 R - 2 potions of curing


   Skills:
 + Level 8.1 Fighting
 - Level 10.0 Short Blades
 - Level 2.6 Dodging
 + Level 15.4 Stealth
 + Level 1.4 Shields
 + Level 11.8 Spellcasting
 - Level 4.6 Conjurations
 + Level 12.3 Hexes
 - Level 5.0 Ice Magic
 + Level 8.7 Air Magic
 + Level 7.4 Invocations


You had 20 spell levels left.
You knew the following spells:

 Your Spells              Type           Power      Damage    Failure   Level
a - Ensorcelled Hibernat  Hex/Ice        100%       N/A       1%          2
b - Confusing Touch       Hex            61%        N/A       1%          3
c - Tukima's Dance        Hex            61%        N/A       1%          3
d - Shock                 Conj/Air       100%       1d9       1%          1
e - Airstrike             Air            25%        2d(4-20)  1%          4
f - Ozocubu's Armour      Ice            35%        N/A       1%          3

Your spell library contained the following spells:

 Spells                   Type           Power      Damage    Failure   Level
 Dazzling Flash           Conj/Hex       100%       N/A       1%          3
 Mephitic Cloud           Conj/Pois/Air  32%        N/A       1%          3
 Swiftness                Air            51%        N/A       1%          3
 Leda's Liquefaction      Hex/Erth       20%        N/A       3%          4
 Necrotise                Necr           52%        1d6       4%          1
 Sublimation of Blood     Necr           13%        N/A       6%          2
 Hailstorm                Conj/Ice       34%        3d9       6%          4
 Freezing Cloud           Conj/Ice/Air   19%        6-21      10%         5
 Ignite Poison            Fire/Tmut/Pois 13%        N/A       13%         3
 Vampiric Draining        Necr           13%        2d6       13%         3
 Ice Form                 Ice/Tmut       24%        N/A       16%         4
 Animate Dead             Necr           13%        N/A       38%         4
 Petrify                  Tmut/Erth      13%        N/A       38%         4
 Irradiate                Conj/Tmut      11%        3d15      41%         5
 Agony                    Necr           13%        N/A       71%         5
 Borgnjor's Vile Clutch   Necr/Erth      6%         N/A       71%         5
 Lee's Rapid Deconstruct  Erth           6%         3d7*      71%         5
 Simulacrum               Ice/Necr       12%        N/A       90%         6
 Ozocubu's Refrigeration  Ice            17%        4d11      98%         7
 Death Channel            Necr           6%         N/A       99%         6
 Statue Form              Tmut/Erth      8%         N/A       99%         6
 Haunt                    Necr/Summ      6%         N/A       100%        7
 Infestation              Necr           6%         N/A       100%        8


Dungeon Overview and Level Annotations

Branches:
Dungeon (13/15)            Temple (1/1) D:6            Lair (5/5) D:8
  Swamp (0/4) Lair:2       Spider (0/4) Lair:2        Slime (0/5) Lair:4
    Orc (0/2) D:11        Ossuary (visited)
 Vaults: D:13-14

Altars:
Cheibriados
Elyvilon
Fedhas
Gozag
Hepliaklqana
Kikubaaqudgha
Makhleb
Nemelex Xobeh
Okawaru
Qazlal
Ru
Sif Muna
Trog
Uskayaw
Vehumet
Xom
Yredelemnul
Zin
The Shining One
Jiyva

Shops:
D:12 =

Annotations:
D:3 1 runed translucent door, Crazy Yiuf
Lair:5 1 runed translucent door


Innate Abilities, Weirdness & Mutations

You are very small and have problems with some larger weapons.
You are too small for most types of armour.
You have supernaturally acute eyesight. (SInv)
You cover ground extremely quickly. (Speed+++)


Message History

The centaur warrior shoots an arrow.
The arrow hits you!!
Aiming: Airstrike (dangerous; 1% risk of failure)
Press: ? - help, Q - select action, (/) - cycle Dir - move target, f/p - centaur warrior
Aim: a centaur warrior, wielding a +0 shortbow (lightly wounded, empty space bonus: 5/8)
Okay, then.
There is a stone staircase leading up here.
You start resting.
The centaur warrior shoots an arrow.
The arrow hits you!!
Aiming: Airstrike (dangerous; 1% risk of failure)
Press: ? - help, Q - select action, (/) - cycle Dir - move target, f/p - centaur warrior
Aim: a centaur warrior, wielding a +0 shortbow (lightly wounded, empty space bonus: 8/8)
The air twists around and strikes the centaur warrior!
The centaur warrior is moderately wounded.
The centaur warrior shoots an arrow.
You reflect the arrow off an invisible shield around you!
The arrow hits the centaur warrior.
Aiming: Airstrike (dangerous; 1% risk of failure)
Press: ? - help, Q - select action, (/) - cycle Dir - move target, f/p - centaur warrior
Aim: a centaur warrior, wielding a +0 shortbow (moderately wounded, empty space bonus: 8/8)
The air twists around and strikes the centaur warrior!
The centaur warrior is heavily wounded.
The centaur warrior shoots an arrow.
The arrow barely misses you.
You hear a shout! x2
Aiming: Airstrike (dangerous; 1% risk of failure)
Press: ? - help, Q - select action, (/) - cycle Dir - move target, f/p - centaur warrior
Aim: a centaur warrior, wielding a +0 shortbow (heavily wounded, empty space bonus: 8/8)
The air twists around and strikes the centaur warrior!!
The centaur warrior is severely wounded.
The centaur warrior shoots an arrow.
The arrow hits you!
* * * LOW HITPOINT WARNING * * *
Aiming: Airstrike (dangerous; 1% risk of failure)
Press: ? - help, Q - select action, (/) - cycle Dir - move target, f/p - centaur warrior
Aim: a centaur warrior, wielding a +0 shortbow (severely wounded, empty space bonus: 8/8)
The air twists around and strikes the centaur warrior!!
You kill the centaur warrior!
You hear a shout!
A centaur comes into view.
The centaur wields a +0 shortbow.
The centaur shoots an arrow.
The arrow hits you!
You die...
Your body disappears without a glow.

......c#'##.......#.........#'###
###.......#########.........#....
#.........................#....
#......c........######...##....
#......c).......# #...#.....
#...............# #...#.....
#...............# #...#.....
#...............# #...#..###
#.............@.# #...#+##..
#.............<.######.........
#........................)..###
....###########............# ##.
#............# #............#
##############


You could see 2 centaurs.

Vanquished Creatures
  Gastronok (Lair:2)
  Josephine (Lair:4)
  3 boulder beetles
  Harold (D:10)
  7 hydras
  2 centaur warriors (D:13)
  A catoblepas (Lair:4)
  6 two-headed ogres
  2 lindwurms (Lair:5)
  A deep elf pyromancer (D:12)
  2 ugly things (D:11)
  2 cyclopes
  A manticore (D:12)
  6 torpor snails (Lair:5)
  A black mamba (Lair:4)
  7 cane toads
  4 gargoyles
  7 komodo dragons
  3 rime drakes
  Psyche (D:10)
  12 polar bears
  3 tyrant leeches (Lair:5)
  A troll (D:10)
  Grinder (D:3)
  9 hornets
  5 slime creatures
  8 blink frogs
  A raiju (Lair:5)
  24 dream sheep
  A shadow (D:11)
  6 wraiths
  6 wyverns
  43 yaks
  4 vampire mosquitoes
  A steam dragon (D:8)
  An acid dragon (D:11)
  8 wargs
  8 water moccasins
  16 hell hounds
  An orc warrior (D:10)
  2 sky beasts (D:8)
  An ice beast (D:7)
  4 ogres
  17 black bears
  16 centaurs
  29 wolves
  A phantom (D:6)
  3 kobold brigands
  7 necrophages
  17 bullfrogs
  A scorpion (D:6)
  2 gnoll sergeants
  5 water moccasin zombies (Ossuary)
  10 killer bees
  4 howler monkeys
  An electric eel (Lair:5)
  2 hounds
  3 jellies
  2 gnoll boudas
  4 orc priests
  4 iguanas
  Terence (D:3)
  15 orc wizards
  2 mummies (Ossuary)
  8 gnolls
  11 adders
  A shadow imp (D:7)
  2 white imps
  An ufetubus (D:6)
  An adder zombie (Ossuary)
  A worm (D:5)
  4 dart slugs
  32 orcs
  6 endoplasms
  2 giant cockroaches
  3 gnoll zombies (Ossuary)
  8 goblins
  3 hobgoblins
  5 quokkas
  8 ball pythons
  3 bats
  2 frilled lizards
  4 hobgoblin zombies (Ossuary)
  19 kobolds
  4 kobold zombies (Ossuary)
  6 orc zombies (Ossuary)
  5 rats
510 creatures vanquished.

Vanquished Creatures (collateral kills)
  2 gnolls (D:4)
2 creatures vanquished.

Vanquished Creatures (others)
  2 dancing weapons
  A bullfrog (D:7)
  An orc (D:8)
  28 fungi
  84 plants
116 creatures vanquished.

Grand Total: 628 creatures vanquished

Notes
Turn   | Place    | Note
-------+----------+-------------------------------------------
     0 | D:1      | LynnLen the Spriggan Enchanter began the quest for the Orb.
     0 | D:1      | Reached XP level 1. HP: 9/9 MP: 5/5
   758 | D:1      | Reached XP level 2. HP: 14/14 MP: 6/6
   761 | D:1      | Learned a level 2 spell: Ensorcelled Hibernation
  1602 | D:2      | Found a faded altar of an unknown god.
  1610 | D:2      | Reached skill level 5 in Stealth
  1710 | D:2      | Reached XP level 3. HP: 17/17 MP: 8/8
  1718 | D:2      | Learned a level 3 spell: Confusing Touch
  1722 | D:2      | Learned a level 3 spell: Tukima's Dance
  1877 | D:2      | Reached skill level 1 in Fighting
  2191 | D:2      | Identified the +2 chain mail "Vipn" {Regen+ Stlth+}
  2751 | D:3      | Learned a level 1 spell: Shock
  2766 | D:3      | Reached XP level 4. HP: 22/22 MP: 5/10
  3255 | D:3      | Noticed Terence
  3388 | D:3      | Killed Terence
  3771 | D:3      | Noticed Grinder
  3783 | D:3      | Paralysed by Grinder for 3 turns
  3906 | D:3      | HP: 1/22 [Grinder (6)]
  4365 | D:3      | Reached XP level 5. HP: 25/25 MP: 6/11
  4464 | D:3      | Found a runed translucent door.
  4465 | D:3      | Noticed Crazy Yiuf
  4772 | D:3      | Paralysed by Grinder for 5 turns
  4796 | D:3      | Killed Grinder
  4797 | D:3      | Reached skill level 6 in Stealth
  4797 | D:3      | Reached skill level 1 in Conjurations
  4797 | D:3      | Reached skill level 1 in Ice Magic
  4797 | D:3      | Reached skill level 1 in Air Magic
  4797 | D:3      | Reached XP level 6. HP: 21/30 MP: 10/13
  5380 | D:4      | Found a snail-covered altar of Cheibriados.
  5450 | D:4      | Reached skill level 5 in Hexes
  5738 | D:4      | Reached XP level 7. HP: 35/35 MP: 14/14
  6384 | D:5      | Entered Level 5 of the Dungeon
  6781 | D:5      | Learned a level 4 spell: Airstrike
  7067 | D:5      | Reached skill level 7 in Stealth
  7513 | D:5      | Reached skill level 5 in Spellcasting
  7543 | D:5      | Found a large runed translucent door.
  7544 | D:5      | Found a large runed translucent door.
  7559 | D:5      | Found a blossoming altar of Fedhas.
  7711 | D:5      | Reached XP level 8. HP: 39/39 MP: 16/16
  8260 | D:5      | Found a hazy altar of Hepliaklqana.
  8273 | D:5      | Found an opulent altar of Gozag.
  8499 | D:5      | Learned a level 3 spell: Ozocubu's Armour
  8569 | D:6      | Found a shimmering blue altar of Sif Muna.
  8728 | D:6      | Reached skill level 8 in Stealth
  9062 | D:6      | Reached XP level 9. HP: 38/44 MP: 13/18
  9537 | D:6      | Found a staircase to the Ecumenical Temple.
  9571 | Temple   | Entered the Ecumenical Temple
  9578 | Temple   | Became a worshipper of Nemelex Xobeh the Trickster
 10250 | D:7      | Found a glowing golden altar of the Shining One.
 10290 | D:7      | Reached skill level 9 in Stealth
 10511 | D:7      | Found a sand-covered staircase.
 10516 | Ossuary  | Entered an ossuary
 11375 | D:8      | Reached * piety under Nemelex Xobeh
 11561 | D:8      | Reached XP level 10. HP: 33/50 MP: 5/21
 11568 | D:8      | Received a gift from Nemelex Xobeh
 11893 | D:8      | Found a staircase to the Lair.
 12720 | D:8      | Reached skill level 5 in Short Blades
 12918 | D:8      | Reached skill level 10 in Stealth
 13881 | Lair:1   | Entered Level 1 of the Lair of Beasts
 13894 | Lair:1   | Noticed a cane toad
 13909 | Lair:1   | Killed a cane toad
 14400 | Lair:1   | Reached ** piety under Nemelex Xobeh
 14463 | Lair:1   | Reached skill level 5 in Air Magic
 14518 | Lair:1   | Reached skill level 5 in Fighting
 14618 | Lair:1   | Noticed a cane toad
 14622 | Lair:1   | Killed a cane toad
 14623 | Lair:1   | Reached XP level 11. HP: 55/55 MP: 23/23
 14626 | Lair:1   | You fall into a shaft and drop 1 floor!
 14687 | Lair:2   | Received a gift from Nemelex Xobeh
 15491 | Lair:1   | Reached skill level 1 in Invocations
 15704 | Lair:1   | Reached skill level 5 in Ice Magic
 15711 | Lair:1   | Reached skill level 11 in Stealth
 16110 | Lair:1   | Noticed an eight-headed hydra
 16233 | Lair:1   | Killed an eight-headed hydra
 16654 | Lair:2   | Found a staircase to the Swamp.
 16756 | Lair:2   | Reached *** piety under Nemelex Xobeh
 16808 | Lair:2   | Found a hole to the Spider Nest.
 17315 | Lair:2   | Found an ancient bone altar of Kikubaaqudgha.
 17342 | Lair:2   | Noticed Gastronok
 17359 | Lair:2   | Killed Gastronok
 17726 | Lair:2   | Received a gift from Nemelex Xobeh
 17883 | Lair:3   | Noticed a seven-headed hydra
 17891 | Lair:3   | Killed a seven-headed hydra
 18703 | Lair:3   | Received a gift from Nemelex Xobeh
 18974 | Lair:3   | Reached skill level 12 in Stealth
 19632 | Lair:4   | Reached **** piety under Nemelex Xobeh
 19713 | Lair:4   | Received a gift from Nemelex Xobeh
 19723 | Lair:4   | Reached XP level 12. HP: 60/60 MP: 17/26
 20028 | Lair:4   | Found a viscous altar of Jiyva.
 20029 | Lair:4   | Found a staircase to the Slime Pits.
 21564 | Lair:4   | Received a gift from Nemelex Xobeh
 21632 | Lair:4   | Reached skill level 10 in Hexes
 22256 | Lair:4   | Noticed Josephine
 22397 | Lair:4   | Noticed a catoblepas
 22437 | Lair:4   | Killed a catoblepas
 22794 | Lair:4   | Reached skill level 13 in Stealth
 23168 | Lair:4   | Killed Josephine
 24200 | Lair:5   | Entered Level 5 of the Lair of Beasts
 24240 | Lair:5   | Noticed a boulder beetle
 24253 | Lair:5   | Received a gift from Nemelex Xobeh
 24256 | Lair:5   | Killed a boulder beetle
 24257 | Lair:5   | Reached skill level 10 in Spellcasting
 24257 | Lair:5   | Reached skill level 5 in Invocations
 24561 | Lair:5   | Noticed a four-headed hydra
 25050 | Lair:5   | Noticed an eight-headed hydra
 25267 | Lair:4   | Reached XP level 13. HP: 66/66 MP: 6/28
 26691 | Lair:5   | Received a gift from Nemelex Xobeh
 27238 | Lair:5   | Found a runed translucent door.
 27721 | Lair:5   | Paralysed by a hornet for 2 turns
 28445 | Lair:5   | Reached skill level 14 in Stealth
 34740 | D:9      | Received a gift from Nemelex Xobeh
 36393 | D:9      | Identified a scroll of acquirement
 36393 | D:9      | Acquired the +1 cloak "Deqeg" {Fly Dex+5}
 36456 | D:10     | Entered Level 10 of the Dungeon
 36729 | D:10     | Received a gift from Nemelex Xobeh
 36730 | D:10     | Noticed Harold
 36734 | D:10     | Killed Harold
 37309 | D:10     | Noticed Psyche
 37313 | D:10     | Killed Psyche
 37543 | D:11     | Reached ***** piety under Nemelex Xobeh
 37550 | D:11     | Reached XP level 14. HP: 72/72 MP: 17/30
 39265 | D:11     | Found a staircase to the Orcish Mines.
 39318 | D:11     | Reached skill level 15 in Stealth
 40772 | D:11     | Reached skill level 10 in Short Blades
 40944 | D:11     | Received a gift from Nemelex Xobeh
 41977 | D:12     | Reached skill level 1 in Shields
 43576 | D:12     | Found Rokhlesurgh's Jewellery Boutique.
 43632 | D:12     | Received a gift from Nemelex Xobeh
 43873 | D:13     | Shot with an arrow by a centaur

Illustrated notes

Levels and vault maps discovered:
D:1:      nagdon_arrival_double_spiral, layout_basic, kennysheep_boxes
D:2:      layout_basic, shapermc_ecumenical_altar_totnotflames,
          minmay_misc_feat_iff
D:3:      layout_basic, hangedman_feature_mirror, uniq_terence, uniq_grinder,
          uniq_crazy_yiuf_cottage
D:4:      layout_loops_ring, mainiacjoe_overflow_concentric_impassable,
          minmay_increasing_density
D:5:      layout_layer_cave, jmf_multi_god_temple2,
          mainiacjoe_overflow_six_doors_small
D:6:      layout_loops_ring, mainiacjoe_overflow_catwalk,
          minmay_temple_entry_antechambers, st_stairs_14, serial_bayou_pond_e
D:7:      layout_rooms, tso_oasis_becter, enter_ossuary_2,
          minmay_misc_feat_tiny, serial_park_tiny_pond
D:8:      layout_loops_corners, david_lair_shrubbed, kennysheep_kite_vault
D:9:      layout_loops_cross
D:10:     layout_rooms, uniq_psyche, uniq_harold
D:11:     layout_long_grid, minmay_orc_entry_guard_dogs,
          hangedman_corner_corridor
D:12:     layout_basic, serial_shops, shop_statue, minivault_5
D:13:     layout_irregular_city, small_statue_intersection, nicolae_two_hexagons
Temple:   nicolae_temple_x_marks_the_god
Lair:1:   layout_small_grid
Lair:2:   layout_gridlike, swamp_mist, dummy_spider_entry, basic_altar,
          roderic_carrion_pond, uniq_gastronok
Lair:3:   layout_loops_ring, patterned_corridor
Lair:4:   layout_hall_layers, slime_entry_1, infiniplex_staircase_pool_2,
          grunt_megastairs_4, uniq_josephine
Lair:5:   wormcave, layout_small_grid, hangedman_lair_caniforms_friends,
          infiniplex_staircase_pool

Skill      XL: |  1  2  3  4  5  6  7  8  9 10 11 12 13 14 |
---------------+-------------------------------------------+-----
Spellcasting   | 3 4 5 6 7 9 10 11 | 11.8
Stealth        | 5 6 7 8 9 10 12 13 14 15 | 15.4
Hexes          | 4 5 6 7 8 9 10 11 12 | 12.3
Fighting       | 1 2 3 4 5 6 7 8 |  8.1
Conjurations   | 1 2 3 4 |  4.6
Ice Magic      | 1 2 3 4 5 |  5.0
Air Magic      | 1 2 3 4 5 6 7 8 |  8.7
Short Blades   | 2 3 4 6 7 8 9 10 | 10.0
Invocations    | 3 5 6 7 |  7.4
Shields        | 1 |  1.4
Dodging        | |  2.6

Action                   |  1- 3 |  4- 6 |  7- 9 | 10-12 | 13-15 || total
-------------------------+-------+-------+-------+-------+-------++-------
Melee: Dagger            |    60 |       |   162 |    22 |       ||   244
       Short sword       |    25 |   100 |   148 |   215 |   339 ||   827
       Punch             |       |       |     5 |     2 |       ||     7
 Cast: Ensorcelled Hiber |     5 |     7 |    39 |    22 |    18 ||    91
       Shock             |     4 |    43 |     3 |     3 |       ||    53
       Confusing Touch   |       |     3 |    13 |     4 |     9 ||    29
       Tukima's Dance    |       |     3 |     7 |       |       ||    10
       Airstrike         |       |       |     4 |   254 |   470 ||   728
       Ozocubu's Armour  |       |       |     1 |     1 |       ||     2
  Use: Scroll            |       |       |     9 |    14 |    11 ||    34
       Potion            |       |       |     9 |     9 |     2 ||    20
 Stab: Sleeping          |    13 |     8 |    47 |    27 |    11 ||   106
       Confused          |       |     5 |     9 |     2 |     8 ||    24
       Invisible         |       |       |     3 |     3 |       ||     6
Armor: Robe              |     4 |    10 |    30 |    11 |       ||    55
       Skin              |       |       |       |    43 |       ||    43
       Steam dragon scal |       |       |       |    31 |    50 ||    81
Dodge: Dodged            |    57 |    59 |   189 |   144 |   171 ||   620
Block: Other             |       |    16 |    59 |    29 |       ||   104
       Reflection        |       |       |     1 |       |    23 ||    24
       Buckler           |       |       |       |    53 |   189 ||   242
